Map: Ruins of Seras

Players

Frozzen - Winner!

  • Race: Zerg Zerg
  • League: Diamond

A.I. 1 (Very Easy)

  • Race: Zerg Zerg

VOD

Have the link to the VOD?

Description

Time

  • Played on: Nov. 19, 2015, 9:11 p.m.
  • Length: 10:04
Show
View Real Time Build Order
Export as new Build Order

Frozzen Zerg - Winner!

Build Orders: Hatch First 

Get SALT Encoding   

  12  0:01  Drone  
  13  0:19  Overlord  
  14  0:21  Drone  
  14  0:38  Drone x2  
  16  0:57  Hatchery  
  16  0:58  Drone  
  16  0:59  Drone  
  17  1:22  Spawning Pool  
  17  1:23  Drone x2  
  18  1:25  Extractor  
  17  1:52  Overlord  
  17  1:54  Drone x2  
  19  2:41  Queen  
  19  2:42  Roach Warren, Queen  
  22  2:44  Drone  
  22  2:45  Drone x5  
  28  3:12  Overlord x2  
  28  3:26  Roach x4  
  36  3:59  Roach x3  
  42  4:03  Extractor  
  42  4:04  Extractor  
  42  4:06  Ravager x2  
  42  4:32  Overlord  
  42  4:33  Overlord x2  
  42  4:39  Drone x2  
  42  4:45  Drone x2  
  45  4:46  Drone x3  
  45  4:47  Drone  
  45  4:48  Drone x2  
  52  5:24  Ravager  
  52  5:25  Ravager x4  
  57  5:51  Overlord x8  
  57  5:58  Extractor  
  56  6:53  Roach x11  
  56  6:54  Roach  
Show
View Real Time Build Order
Export as new Build Order

A.I. 1 (Very Easy) Zerg 

Build Orders: Pool First 

Get SALT Encoding   

  12  0:01  Drone  
  13  0:12  Overlord  
  13  0:18  Drone  
  14  0:36  Spawning Pool  
  14  0:38  Extractor  
  14  0:40  Drone  
  13  0:48  Drone  
  14  0:54  Overlord  
  14  1:24  Zergling x2  
  15  1:26  Queen  
  17  1:33  Roach Warren  
  17  1:36  Drone  
  17  1:41  Extractor  
  17  1:42  Zergling x2  
  17  1:45  Drone  
  18  1:58  Drone  
  18  2:00  Zergling x2  
  20  2:09  Drone  
  21  2:19  Drone  
  22  2:30  Drone  
  22  2:33  Overlord  
  23  2:37  Drone  
  24  2:44  Drone  
  25  5:42  Lair, Drone, Roach, Overlord  
  28  5:49  Drone  
  29  5:56  Drone  
  30  6:02  Hatchery  
  30  6:03  Drone  
  30  6:11  Drone  
  31  6:18  Drone  
  29  6:25  Drone, Roach  
  32  6:39  Overseer x2  
  32  7:08  Roach  
  34  7:15  Drone  
  35  7:22  Drone  
  36  7:24  Extractor  
  36  7:26  Extractor  
  36  7:29  Drone  
  35  7:37  Drone  
  36  7:44  Drone  
  37  7:51  Drone  
  38  7:58  Drone  
  39  8:05  Drone  
  40  8:12  Drone  
  41  8:19  Drone  
  42  8:25  Zergling x2  
  44  8:27  Drone  
  44  8:32  Overlord  
  38  8:34  Drone  
  35  8:41  Drone  
  27  8:49  Drone  
  27  8:54  Zergling x2  
  19  8:56  Drone, Queen  
  14  9:03  Drone  
Tags
 
League
Diamond
Matchup
ZvZ
Race
Zerg
Replay Pack
21-11-15
Add a new tag
Caveats
  • Supply blocks, unpowered buildings, or Contaminate may cause inaccurate times.
  • Supply counts are checked every 10 seconds.